[Event "37th Belgrade Trophy 2024"]
[Site "Belgrade"]
[Date "2024.11.23"]
[Round "4"]
[White "Karisik, Nenad"]
[Black "Djordjevic, Zoran To"]
[Result "1-0"]
[ECO "B03"]
[WhiteElo "2119"]
[BlackElo "1909"]
[Annotator "RC"]
[PlyCount "105"]
[EventDate "2024.11.23"]
[EventCountry "SRB"]
[SourceTitle "playchess.com"]
[Source "ChessBase"]
[SourceQuality "1"]
[TimeControl "40/5400+30:900+30"]

1. e4 Nf6 2. e5 Nd5 3. d4 b5 4. Nf3 a6 5. Bd3 e6 6. O-O c5 7. c3 Bb7 8. a3 Be7 9. Nbd2 c4 10. Bc2 f5 11. exf6 Nxf6 12. Ng5 O-O 13. Qe2 Qe8 14. Re1 Bd5 15. Nf1 h6 16. Nh3 Qh5 17. f3 Bd6 18. Nf4 Bxf4 19. Bxf4 Ne8 20. Bg3 Nc6 21. Ne3 Ne7 22. Nxd5 Nxd5 23. Qd2 Ne7 24. Re5 Qf7 25. a4 d6 26. Re2 Rd8 27. axb5 axb5 28. Ra7 Qf6 29. Qe3 Nf5 30. Qxe6+ Qxe6 31. Rxe6 Nxg3 32. hxg3 Rf7 33. Ree7 Rxe7 34. Rxe7 Rb8 35. Bg6 Nf6 36. Rc7 Kf8 37. Rf7+ Kg8 38. Ra7 Kf8 39. g4 b4 40. Rf7+ Kg8 41. Rc7 bxc3 42. bxc3 d5 43. Kh2 Kf8 44. Rf7+ Kg8 45. Re7 Kf8 46. Re3 Rb6 47. Kg3 Rb7 48. f4 Re7 49. Re5 Rxe5 50. dxe5 Nd7 51. Kf3 Nb8 52. Ke3 Nc6 53. Bc2 1-0

[Event "37th Belgrade Trophy 2024"]
[Site "Belgrade"]
[Date "2024.11.26"]
[Round "4.3"]
[White "Leftheriotis, Alexandros"]
[Black "Xie, Jianjun"]
[Result "1/2-1/2"]
[ECO "C77"]
[WhiteElo "2165"]
[BlackElo "2361"]
[Annotator "TA"]
[PlyCount "55"]
[EventDate "2024.11.23"]
[EventCountry "SRB"]
[SourceTitle "playchess.com"]
[Source "ChessBase"]
[SourceQuality "1"]
[TimeControl "40/5400+30:900+30"]

1. e4 e5 2. Nf3 Nc6 3. Bb5 a6 4. Ba4 Nf6 5. d3 d6 6. c3 g6 7. O-O Bg7 8. Re1 O-O 9. h3 Re8 10. Be3 d5 11. Nbd2 h6 12. a3 g5 13. d4 exd4 14. Nxd4 Bd7 15. Nxc6 Bxc6 16. Bxc6 bxc6 17. Qa4 Nxe4 18. Qxc6 Re6 19. Qa4 Rb8 20. Rad1 Qe8 (20... Rxb2 $2 21. Nxe4 Qe7 (21... Rxe4 $2 {too greedy.} 22. Qxe4 c6 23. c4 $18) 22. Ng3 $18 (22. Rxd5 Rxe4 23. Qxa6 Bf6 $16) (22. Nc5 Rxe3 23. Rxe3 Qxc5 $18)) 21. Qxe8+ Rexe8 22. Nxe4 Rxe4 23. Rxd5 Rxb2 24. Rc5 Rb3 25. Rxc7 Rxa3 26. Rd1 {[%emt 0:02:08] Strongly threatening Rd8+.} Be5 27. Rc8+ Kg7 28. Bd4 1/2-1/2

[Event "37th Belgrade Trophy 2024"]
[Site "Belgrade"]
[Date "2024.11.26"]
[Round "4.4"]
[White "Martic, Ivan"]
[Black "Ughuzov, Ravan"]
[Result "1/2-1/2"]
[ECO "C14"]
[WhiteElo "2261"]
[BlackElo "2047"]
[Annotator "RC"]
[PlyCount "106"]
[EventDate "2024.11.23"]
[EventCountry "SRB"]
[SourceTitle "playchess.com"]
[Source "ChessBase"]
[SourceQuality "1"]
[TimeControl "40/5400+30:900+30"]

1. e4 e6 2. d4 d5 3. Nc3 Nf6 4. Bg5 Be7 5. e5 Nfd7 6. h4 a6 7. Qg4 f5 8. Qg3 c5 9. Nf3 Nc6 10. O-O-O cxd4 11. Nxd4 Bxg5+ 12. hxg5 Ndxe5 13. Nxc6 Nxc6 14. g6 h6 15. Nxd5 exd5 16. Bc4 Be6 17. Rhe1 Qe7 18. Bxd5 Bxd5 19. Rxe7+ Nxe7 20. Qe5 Rd8 21. Re1 Rd7 22. c4 Bxg2 23. Qxg7 Rf8 24. Qxh6 Be4 25. Qh5 Rg8 26. g7+ Kd8 27. Qf7 Rd3 28. Rg1 Rd6 29. Rg3 Kd7 30. f3 Bc6 31. Rg5 Bxf3 32. Rxf5 Rd1+ 33. Kc2 Be4+ 34. Kxd1 Bxf5 35. Kd2 Be6 36. Qf4 Nf5 37. Qf3 Kc8 38. Qe4 Bd7 39. Qe5 Rxg7 40. Qc5+ Kb8 41. Kc3 Re7 42. b3 Bc8 43. a4 Re3+ 44. Kb4 Re8 45. Ka3 Re1 46. Kb4 Re6 47. a5 Ne7 48. Ka3 Nc6 49. b4 Na7 50. Qf8 Re3+ 51. Kb2 Re2+ 52. Kc3 Re6 53. Kb3 Re3+ 1/2-1/2

[Event "37th Belgrade Trophy 2024"]
[Site "Belgrade"]
[Date "2024.11.26"]
[Round "4.5"]
[White "Sutormin, Danila"]
[Black "Kerner, Michael"]
[Result "1-0"]
[ECO "B12"]
[WhiteElo "2394"]
[BlackElo "2086"]
[Annotator "TA"]
[PlyCount "119"]
[EventDate "2024.11.23"]
[EventCountry "SRB"]
[SourceTitle "playchess.com"]
[Source "ChessBase"]
[SourceQuality "1"]
[TimeControl "40/5400+30:900+30"]

1. e4 c6 2. d4 d5 3. e5 c5 4. Nf3 Nc6 5. dxc5 Bg4 6. c3 e6 7. Be3 Nh6 8. Bb5 Qc7 9. Nbd2 Nf5 10. Bd4 Be7 11. O-O O-O 12. Qa4 Bh5 13. Rfe1 g5 14. h3 Bg6 15. g4 Nfxd4 16. cxd4 f5 (16... a6 $14 17. Bxc6 Qxc6) 17. exf6 $18 Rxf6 18. Bxc6 $1 (18. Nxg5 $2 Rxf2 19. Nf1 Qf4 (19... Rxb2 20. Nxe6 Qd7 21. Bxc6 $15) 20. Nxe6 Qf3 $19) 18... bxc6 19. Ne5 $1 (19. Nxg5 $2 Rxf2 20. Re5 Rxd2 $19) 19... Rc8 20. Re3 Be8 21. Rae1 Bf8 22. Ra3 Rf4 23. Nd3 (23. Qxa7 $6 Qxa7 24. Rxa7 Rxd4 $18) 23... Rf7 24. Rxe6 Bg7 25. Ne5 Rf4 26. Ndf3 a6 27. Qxa6 Bxe5 28. Rxe5 Bg6 29. Qb6 Qg7 30. Ree3 (30. Nxg5 Qf6 $18) 30... Rcf8 31. Qxc6 Be4 32. Qe6+ Kh8 {[%emt 0:00:12] [#]} 33. Kg2 $1 Qxd4 34. Kg3 (34. c6 $18 Qg7 35. Qd6) 34... Qxb2 (34... Qg7 $16) 35. c6 $4 {[%emt 0:00:56][%mdl 8192] [#]} (35. Nxg5 $2 Qxf2#) (35. Qe5+ $18 {and life is good for White.} Qxe5 36. Nxe5 Rxf2 37. h4) 35... Qa1 $4 (35... Rxf3+ $1 $19 {and all is fine.} 36. Rxf3 Qb8+ 37. Kg2 Qf4 (37... Rxf3 $2 38. Rxf3 Qf4 39. Qe8+ Kg7 40. Qd7+ Kh6 41. Qe6+ Kg7 42. Qe7+ Kg8 43. Qa3 $18)) 36. Qe5+ $18 ({Weaker is} 36. Nxg5 Qg1+ 37. Kh4 Qxf2+ 38. Rg3 R4f6 39. Nxe4 (39. Qe5 $2 Qf4 $19) 39... Qxg3+ 40. Nxg3 (40. Kxg3 $2 Rxe6 41. Nd2 Rxc6 $17) 40... Rxe6 $11) 36... Qxe5 37. Nxe5 Rxf2 38. Nf3 Rc2 39. Nxg5 Bg6 $2 (39... Rxc6 {was necessary.} 40. Nxe4 dxe4 41. Rxe4 Rf7) 40. Ne6 Rc8 41. Rec3 Re2 42. Nf4 Rd2 (42... Re5 $142 43. Rc5 Be8) 43. Nxg6+ $18 hxg6 44. c7 d4 45. Rc4 (45. Rab3 $142 Re2 46. Rb8) 45... d3 46. Rb3 Kg7 47. a4 Rd1 48. Rd4 d2 $2 (48... Rxc7 49. Rdxd3 (49. Rbxd3 Ra1 $18) 49... Ra1) 49. Rd7+ $18 Kf6 50. Rbd3 Rg1+ 51. Kf4 g5+ 52. Ke3 d1=Q (52... Rxc7 $142 53. Rxc7 d1=Q 54. Rc6+ Kg7 55. Rxd1 Rxd1) 53. Rxd1 $18 Rxd1 54. Rxd1 Rxc7 55. Ra1 Ke5 56. Ra3 Rc2 57. Kf3 Kd4 58. a5 Rc7 59. a6 Ra7 60. Ra5 1-0

[Event "37th Belgrade Trophy 2024"]
[Site "Belgrade"]
[Date "2024.11.26"]
[Round "4.7"]
[White "Gevorgyan, David Sh."]
[Black "Poleksic, Dusan"]
[Result "1/2-1/2"]
[ECO "A59"]
[WhiteElo "2247"]
[BlackElo "1998"]
[Annotator "RC"]
[PlyCount "111"]
[EventDate "2024.11.23"]
[EventCountry "SRB"]
[SourceTitle "playchess.com"]
[Source "ChessBase"]
[SourceQuality "1"]
[TimeControl "40/5400+30:900+30"]

1. d4 Nf6 2. c4 c5 3. d5 b5 4. cxb5 a6 5. bxa6 Bxa6 6. Nc3 d6 7. e4 Bxf1 8. Kxf1 g6 9. g3 Bg7 10. Nf3 O-O 11. Kg2 Na6 12. Qe2 Qb6 13. Bf4 Nc7 14. Rad1 Qa6 15. Rhe1 Nh5 16. Bg5 Bxc3 17. bxc3 f6 18. Bh6 Qxe2 19. Rxe2 Rfb8 20. c4 Ra3 21. Rc2 Na6 22. Bd2 Kf7 23. Bc3 Nb4 24. Bxb4 Rxb4 25. Nd2 Rba4 26. Ra1 Ng7 27. f4 e6 28. Kf2 Ra7 29. Rb1 Ne8 30. Rbb2 Nc7 31. Rb6 exd5 32. exd5 Rxa2 33. Rxa2 Rxa2 34. Ke3 Ra3+ 35. Ke2 Ke7 36. Ne4 Ra2+ 37. Kd3 Ra6 38. Rb7 Kd8 39. Rb8+ Ke7 40. Rb7 Kd8 41. Nxf6 Kc8 42. Rb2 h5 43. Nh7 Ra3+ 44. Kd2 h4 45. gxh4 Rh3 46. Rb6 Rxh4 47. Nf8 Rxf4 48. Nxg6 Rxc4 49. Rxd6 Rd4+ 50. Kc1 Kb7 51. Ne7 Nb5 52. Rd7+ Kb6 53. Nf5 Rd3 54. h4 c4 55. Nd6 Nxd6 56. Rxd6+ 1/2-1/2

[Event "37th Belgrade Trophy 2024"]
[Site "Belgrade"]
[Date "2024.11.26"]
[Round "4.8"]
[White "Pavlovic, Luka"]
[Black "Divljan, Igor"]
[Result "0-1"]
[ECO "B48"]
[WhiteElo "2088"]
[BlackElo "2221"]
[Annotator "RC"]
[PlyCount "66"]
[EventDate "2024.11.23"]
[EventCountry "SRB"]
[SourceTitle "playchess.com"]
[Source "ChessBase"]
[SourceQuality "1"]
[TimeControl "40/5400+30:900+30"]

1. e4 c5 2. Nf3 e6 3. d4 cxd4 4. Nxd4 a6 5. Nc3 Qc7 6. a3 Nc6 7. Be3 b5 8. Nxc6 dxc6 9. Qg4 Nf6 10. Qg3 Qxg3 11. hxg3 Bb7 12. f3 Be7 13. a4 O-O 14. Be2 Rfd8 15. Kf2 Nd7 16. f4 b4 17. Nb1 Bc5 18. Bf3 e5 19. Rd1 a5 20. Nd2 Bxe3+ 21. Kxe3 Nb6 22. b3 Rd4 23. Nf1 c5 24. fxe5 Rad8 25. Rxd4 cxd4+ 26. Kf4 h6 27. Rd1 g5+ 28. Kg4 Nd7 29. Kh5 Nxe5 30. Ne3 dxe3 31. Rxd8+ Kg7 32. Rd3 Bc6 33. Be2 Bxe4 0-1

[Event "37th Belgrade Trophy 2024"]
[Site "Belgrade"]
[Date "2024.11.26"]
[Round "4.9"]
[White "Triantafilidis, Mihail"]
[Black "Vulinovic, Radivoje"]
[Result "1-0"]
[ECO "C55"]
[WhiteElo "2200"]
[BlackElo "2040"]
[Annotator "RC"]
[PlyCount "128"]
[EventDate "2024.11.23"]
[EventCountry "SRB"]
[SourceTitle "playchess.com"]
[Source "ChessBase"]
[SourceQuality "1"]
[TimeControl "40/5400+30:900+30"]

1. e4 e5 2. Bc4 Nf6 3. d3 Nc6 4. Nf3 Be7 5. O-O O-O 6. Re1 d6 7. a4 Be6 8. Na3 Bxc4 9. Nxc4 Nd7 10. c3 f5 11. Ne3 f4 12. Nd5 Kh8 13. b4 g5 14. h3 Rg8 15. Nh2 Rc8 16. Bb2 Bf8 17. a5 a6 18. Qh5 Ncb8 19. c4 c6 20. Nc3 Nf6 21. Qd1 Qe8 22. Na4 Rc7 23. d4 Rcg7 24. Ng4 Nxg4 25. hxg4 Nd7 26. Ra3 h5 27. Rh3 Rh7 28. c5 Nf6 29. f3 hxg4 30. Rxh7+ Kxh7 31. Kf2 g3+ 32. Ke2 Kg6 33. Nb6 g4 34. dxe5 dxe5 35. Nc4 gxf3+ 36. gxf3 Qe6 37. Nxe5+ Kg5 38. Nd3 Nh5 39. Rh1 Qc4 40. Rxh5+ Kxh5 41. Qh1+ Kg6 42. Kd2 Bg7 43. Nxf4+ Kf7 44. Qh5+ Ke7 45. Qg5+ Ke8 46. Bxg7 Qxb4+ 47. Ke3 Qc3+ 48. Bxc3 Rxg5 49. Ng2 Rxc5 50. Bd2 Rb5 51. f4 Rb3+ 52. Ke2 c5 53. Ne3 Rb2 54. e5 c4 55. Nxc4 g2 56. Kf2 Rc2 57. Kxg2 Rxc4 58. Kf3 Rc5 59. Ke4 b6 60. axb6 Rb5 61. f5 Rxb6 62. e6 Ke7 63. Bg5+ Ke8 64. Bd2 Rb5 1-0

[Event "37th Belgrade Trophy 2024"]
[Site "Belgrade"]
[Date "2024.11.26"]
[Round "4.10"]
[White "Javadov, Habil"]
[Black "Milicevic, Aleksa"]
[Result "0-1"]
[ECO "A46"]
[WhiteElo "2190"]
[BlackElo "1982"]
[Annotator "RC"]
[PlyCount "104"]
[EventDate "2024.11.23"]
[EventCountry "SRB"]
[SourceTitle "playchess.com"]
[Source "ChessBase"]
[SourceQuality "1"]
[TimeControl "40/5400+30:900+30"]

1. d4 d6 2. Nf3 Nf6 3. Bf4 Bg4 4. Nbd2 c6 5. h3 Bxf3 6. Nxf3 Qb6 7. Qb1 Nbd7 8. c3 e6 9. e3 Be7 10. Bd3 h6 11. g4 c5 12. Rg1 g5 13. Bg3 cxd4 14. exd4 Nd5 15. Qc2 a6 16. Qe2 Qa5 17. Kf1 Qc7 18. Kg2 Nf4+ 19. Bxf4 gxf4 20. Rae1 O-O-O 21. Kf1 Kb8 22. h4 e5 23. g5 hxg5 24. hxg5 Rhg8 25. Bf5 f6 26. g6 Rg7 27. Rh1 Nf8 28. Nh4 Re8 29. d5 Qc5 30. Be4 f5 31. Nxf5 Rxg6 32. Nxe7 Rxe7 33. Bxg6 Nxg6 34. Qe4 Nf8 35. Rh8 Rf7 36. Rh3 Ka7 37. a3 Nd7 38. b4 Qc8 39. Rf3 Nf6 40. Qd3 Ng4 41. Rh3 f3 42. Rg3 Qh8 43. Rxf3 Nh2+ 44. Ke2 Nxf3 45. Qg6 Rf6 46. Rh1 Qf8 47. Qg4 Rf4 48. Qd7 Ng5 49. Rh2 Ne4 50. Rh7 Rxf2+ 51. Ke1 Rf1+ 52. Ke2 Qf3# 0-1